[Event "Hastings Masters"]
[Site "Hastings/UK"]
[Date "2011.01.05"]
[Round "9.1"]
[White "Sengupta, Deep"]
[Black "Edouard, Romain"]
[Result "1-0"]
[ECO "B66"]
[WhiteElo "2527"]
[BlackElo "2620"]
[PlyCount "57"]
[EventDate "2011.??.??"]
[TimeControl "40/6000+30:20/3000+30:900+30"]

1. e4 c5 2. Nf3 d6 3. d4 cxd4 4. Nxd4 Nf6 5. Nc3 Nc6 6. Bg5 e6 7. Qd2 a6 8.
O-O-O Nxd4 9. Qxd4 Be7 10. f4 b5 11. Bxf6 gxf6 12. e5 d5 13. Be2 Bb7 14. f5
fxe5 15. Qxe5 Bf6 16. Qg3 Qb8 17. Qh3 d4 18. fxe6 Qf4+ 19. Kb1 dxc3 20. exf7+
Kf8 21. a3 h5 22. Rhf1 Qe5 23. Bd3 Qg5 24. Qd7 Bxg2 25. Rde1 Be7 26. Rf5 Qh4
27. Rfe5 Rd8 28. Qc7 Rxd3 29. cxd3 1-0

[Event "Hastings Masters"]
[Site "Hastings/UK"]
[Date "2011.01.05"]
[Round "9.2"]
[White "Istratescu, Andrei"]
[Black "Howell, David"]
[Result "1/2-1/2"]
[ECO "D85"]
[WhiteElo "2620"]
[BlackElo "2616"]
[PlyCount "60"]
[EventDate "2011.??.??"]
[TimeControl "40/6000+30:20/3000+30:900+30"]

1. d4 Nf6 2. c4 g6 3. Nc3 d5 4. cxd5 Nxd5 5. e4 Nxc3 6. bxc3 Bg7 7. Be3 c5 8.
Qd2 Qa5 9. Nf3 Nc6 10. Rb1 a6 11. Rc1 cxd4 12. cxd4 Qxd2+ 13. Kxd2 e6 14. Bd3
Bd7 15. h4 h6 16. g4 Rc8 17. g5 h5 18. Rc2 O-O 19. Rb1 b5 20. Rbc1 Rfd8 21. a4
bxa4 22. Bxa6 Ra8 23. Bb7 Na5 24. Bxa8 Nb3+ 25. Kc3 Nxc1 26. Bxc1 Rxa8 27. Ne5
Rc8+ 28. Kd2 Rd8 29. Ke3 Bxe5 30. dxe5 Rc8 1/2-1/2

[Event "Hastings Masters"]
[Site "Hastings/UK"]
[Date "2011.01.05"]
[Round "9.3"]
[White "Shyam, Sundar M"]
[Black "Arghyadip, Das"]
[Result "0-1"]
[ECO "C45"]
[WhiteElo "2414"]
[BlackElo "2476"]
[PlyCount "72"]
[EventDate "2011.??.??"]
[TimeControl "40/6000+30:20/3000+30:900+30"]

1. e4 e5 2. Nf3 Nc6 3. d4 exd4 4. Nxd4 Nf6 5. Nxc6 bxc6 6. e5 Qe7 7. Qe2 Nd5 8.
Nd2 a5 9. c4 Nb6 10. Qe4 g6 11. Bd3 Bg7 12. Nf3 f6 13. O-O O-O 14. Qh4 Ba6 15.
Bd2 Rae8 16. Bxa5 fxe5 17. Qxe7 Rxe7 18. Nd2 e4 19. Nxe4 Bxc4 20. Nc5 Bxb2 21.
Rad1 Bxd3 22. Rxd3 Nd5 23. Bd2 Ra8 24. Bg5 Rf7 25. Rb1 Bg7 26. a3 Bf8 27. Rc1
Ra5 28. Ne4 Rxa3 29. Rxa3 Bxa3 30. Ra1 Bb2 31. Ra2 Bd4 32. h4 Kg7 33. Ra8 h6
34. Bd2 Re7 35. Ng3 Nf6 36. Ra4 c5 0-1

[Event "Hastings Masters"]
[Site "Hastings/UK"]
[Date "2011.01.05"]
[Round "9.4"]
[White "Gormally, Daniel"]
[Black "Prasanna, Rao"]
[Result "1/2-1/2"]
[ECO "D38"]
[WhiteElo "2480"]
[BlackElo "2400"]
[PlyCount "51"]
[EventDate "2011.??.??"]
[TimeControl "40/6000+30:20/3000+30:900+30"]

1. d4 Nf6 2. Nf3 e6 3. c4 d5 4. Nc3 Bb4 5. cxd5 exd5 6. Bg5 Nbd7 7. e3 c5 8.
Bd3 c4 9. Bf5 Nb6 10. Bxc8 Rxc8 11. O-O Bxc3 12. bxc3 O-O 13. Qc2 Qd6 14. Nd2
Rfe8 15. f3 h6 16. Bxf6 Qxf6 17. e4 Qg6 18. Rae1 Nd7 19. Qb1 Nb6 20. f4 dxe4
21. f5 Qc6 22. Nxe4 f6 23. Nc5 Rxe1 24. Rxe1 Re8 25. Ne6 Nd5 26. Qc1 1/2-1/2

[Event "Hastings Masters"]
[Site "Hastings/UK"]
[Date "2011.01.05"]
[Round "9.5"]
[White "Neverov, Valeriy"]
[Black "Anwesh, Upadhyaya"]
[Result "1-0"]
[ECO "D45"]
[WhiteElo "2544"]
[BlackElo "2412"]
[PlyCount "133"]
[EventDate "2011.??.??"]
[TimeControl "40/6000+30:20/3000+30:900+30"]

1. c4 c6 2. Nf3 Nf6 3. d4 d5 4. Nc3 e6 5. e3 Nbd7 6. Qc2 Bd6 7. b3 O-O 8. Bb2
e5 9. Be2 Re8 10. cxd5 cxd5 11. dxe5 Nxe5 12. O-O Bg4 13. Nb5 Nxf3+ 14. Bxf3
Bxh2+ 15. Kxh2 Bxf3 16. gxf3 Ng4+ 17. Kh3 Nxe3 18. fxe3 Qg5 19. Qc3 Qh6+ 20.
Kg3 f6 21. Qd3 Rxe3 22. Qxd5+ Kh8 23. Nd6 Qg6+ 24. Kf2 Rd3 25. Nf7+ Kg8 26.
Nh6+ Kh8 27. Nf7+ Kg8 28. Qc4 b5 29. Nh6+ Kh8 30. Nf7+ Kg8 31. Qe6 Qxf7 32.
Qxf7+ Kxf7 33. Rfd1 Rxd1 34. Rxd1 Rc8 35. Rd2 Ke6 36. Bd4 a5 37. Bb6 a4 38. b4
Rc3 39. Bc5 h5 40. Rd6+ Kf5 41. Rd5+ Kg6 42. Kg3 Ra3 43. Rd7 h4+ 44. Kf4 Rc3
45. Kg4 h3 46. Rd2 f5+ 47. Kg3 Kg5 48. Be7+ Kh5 49. Rh2 g5 50. Rxh3+ Kg6 51.
Rh2 g4 52. Rf2 Kf7 53. Bc5 Ke6 54. Kf4 Rc4+ 55. Ke3 gxf3 56. Rd2 f4+ 57. Kxf3
Ke5 58. Bd6+ Kf5 59. Rd5+ Ke6 60. Rd3 Kf5 61. a3 Rc1 62. Bc5 Rf1+ 63. Bf2 Ke5
64. Rc3 Kd6 65. Rc5 Ra1 66. Rxb5 Rxa3+ 67. Kxf4 1-0

[Event "Hastings Masters"]
[Site "Hastings/UK"]
[Date "2011.01.05"]
[Round "9.6"]
[White "Swapnil, S Dhopade"]
[Black "Hebden, Mark"]
[Result "0-1"]
[ECO "E63"]
[WhiteElo "2426"]
[BlackElo "2556"]
[PlyCount "90"]
[EventDate "2011.??.??"]
[TimeControl "40/6000+30:20/3000+30:900+30"]

1. d4 Nf6 2. c4 g6 3. Nf3 Bg7 4. g3 O-O 5. Bg2 d6 6. Nc3 Nc6 7. O-O Rb8 8. h3
a6 9. e4 b5 10. cxb5 axb5 11. Re1 e6 12. Qc2 b4 13. Ne2 Bb7 14. Nf4 Na5 15. Bd2
c5 16. dxc5 dxc5 17. Rad1 Qb6 18. Ne5 Rfd8 19. Be3 Rxd1 20. Qxd1 Qc7 21. Ned3
Nxe4 22. Qc2 c4 23. Nxb4 Nd6 24. Bxb7 Qxb7 25. a3 Nf5 26. Ng2 h5 27. h4 Rc8 28.
Rd1 Nb3 29. Qe2 Qe4 30. Kf1 Nxe3+ 31. fxe3 Qe5 32. Nf4 Qxb2 33. Qxb2 Bxb2 34.
Nc2 Nc5 35. Ke2 Kf8 36. Kf3 Ke7 37. e4 Rb8 38. Ng2 Rb3+ 39. Nge3 Na4 40. Kg2
Rd3 41. Re1 Rd2+ 42. Kf3 Bg7 43. Rb1 Nb2 44. Nb4 c3 45. Rc1 Nd3 0-1

[Event "Hastings Masters"]
[Site "Hastings/UK"]
[Date "2011.01.05"]
[Round "9.7"]
[White "Radovanovic, Jovica"]
[Black "Kotronias, Vasilios"]
[Result "0-1"]
[ECO "B67"]
[WhiteElo "2329"]
[BlackElo "2582"]
[PlyCount "80"]
[EventDate "2011.??.??"]
[TimeControl "40/6000+30:20/3000+30:900+30"]

1. e4 c5 2. Nf3 Nc6 3. d4 cxd4 4. Nxd4 Nf6 5. Nc3 d6 6. Bg5 e6 7. Qd2 a6 8.
O-O-O Bd7 9. f4 b5 10. Bxf6 gxf6 11. Kb1 Qb6 12. Nxc6 Bxc6 13. Qe1 Ra7 14. Bd3
Qc5 15. Rf1 h5 16. f5 b4 17. Ne2 e5 18. c3 Rb7 19. cxb4 Qxb4 20. Qxb4 Rxb4 21.
Nc3 Ke7 22. b3 Rg8 23. Rf2 Rd4 24. Kb2 h4 25. Rc2 Bh6 26. Bxa6 Rxd1 27. Nxd1
Bxe4 28. Rc7+ Kf8 29. Rc8+ Kg7 30. g3 Rxc8 31. Bxc8 h3 32. b4 Bf3 33. Kc2 Bc6
34. Nf2 Be3 35. Nxh3 Bg2 36. a4 Bxh3 37. a5 Bf1 38. Bd7 d5 39. Bc6 Bc4 40. a6
Bd4 0-1

[Event "Hastings Masters"]
[Site "Hastings/UK"]
[Date "2011.01.05"]
[Round "9.8"]
[White "Ramnath Bhuvanesh, R."]
[Black "Zhou, Yang Fan"]
[Result "1-0"]
[ECO "B72"]
[WhiteElo "2387"]
[BlackElo "2348"]
[PlyCount "49"]
[EventDate "2011.??.??"]
[TimeControl "40/6000+30:20/3000+30:900+30"]

1. e4 c5 2. Nf3 d6 3. d4 cxd4 4. Nxd4 Nf6 5. Nc3 g6 6. Be3 a6 7. f3 b5 8. Qd2
Bb7 9. O-O-O Nbd7 10. g4 h6 11. a3 Rc8 12. h4 Ne5 13. Be2 h5 14. gxh5 Nxh5 15.
Rhg1 Nc4 16. Bxc4 Rxc4 17. Nd5 Bg7 18. b3 Rc8 19. Bg5 Bxd5 20. exd5 Qb6 21. Nc6
Qc5 22. b4 Qc4 23. Bxe7 Qa2 24. Qe3 Be5 25. Bxd6 1-0

[Event "Hastings Masters"]
[Site "Hastings/UK"]
[Date "2011.01.05"]
[Round "9.9"]
[White "Wohl, Aleksandar H"]
[Black "Rudd, Jack"]
[Result "1-0"]
[ECO "E69"]
[WhiteElo "2375"]
[BlackElo "2236"]
[PlyCount "59"]
[EventDate "2011.??.??"]
[TimeControl "40/6000+30:20/3000+30:900+30"]

1. Nf3 Nf6 2. g3 g6 3. Bg2 Bg7 4. c4 O-O 5. Nc3 d6 6. d4 Nbd7 7. O-O e5 8. e4
c6 9. h3 a6 10. Be3 b5 11. dxe5 dxe5 12. Qd6 Bb7 13. Rfd1 Qb8 14. Qd3 Rd8 15.
a3 Qc7 16. Qc2 Rac8 17. Rac1 Qb8 18. b4 Nf8 19. Qa2 Ne6 20. Ng5 Nxg5 21. Bxg5
Rxd1+ 22. Rxd1 Rd8 23. Rc1 Rd3 24. a4 a5 25. Qb1 Qd6 26. axb5 axb4 27. bxc6
Bxc6 28. Nd5 Rd4 29. Be3 Bxd5 30. cxd5 1-0

[Event "Hastings Masters"]
[Site "Hastings/UK"]
[Date "2011.01.05"]
[Round "9.10"]
[White "Bates, Richard"]
[Black "Griffiths, Ryan Rhys"]
[Result "1-0"]
[ECO "E15"]
[WhiteElo "2382"]
[BlackElo "2249"]
[PlyCount "87"]
[EventDate "2011.??.??"]
[TimeControl "40/6000+30:20/3000+30:900+30"]

1. d4 Nf6 2. Nf3 e6 3. c4 b6 4. g3 Ba6 5. Qc2 Bb4+ 6. Bd2 Be7 7. e4 d5 8. cxd5
Bxf1 9. Kxf1 exd5 10. e5 Ne4 11. Nc3 Nxc3 12. bxc3 Qd7 13. h4 Nc6 14. Kg2 Nd8
15. h5 Ne6 16. a4 c5 17. Be3 Rc8 18. Qf5 Rc7 19. Qg4 O-O 20. Nh4 Rfc8 21. Nf5
Bf8 22. Rh4 Kh8 23. Qf3 cxd4 24. cxd4 Rc3 25. Rg4 g6 26. Nd6 Bxd6 27. Qf6+ Ng7
28. exd6 Qf5 29. Rf4 Qxf6 30. Rxf6 Kg8 31. Bg5 Rd8 32. Rf3 Rcc8 33. Bxd8 Rxd8
34. Rc1 Ne6 35. h6 f5 36. Re3 Rxd6 37. Rc8+ Kf7 38. Rh8 f4 39. Rc3 g5 40. Rxh7+
Kg6 41. Rh8 Nxd4 42. gxf4 gxf4 43. Rc7 f3+ 44. Kh2 1-0

[Event "Hastings Masters"]
[Site "Hastings/UK"]
[Date "2011.01.05"]
[Round "9.11"]
[White "Knott, Simon JB"]
[Black "White, Michael"]
[Result "1/2-1/2"]
[ECO "E94"]
[WhiteElo "2333"]
[BlackElo "2217"]
[PlyCount "119"]
[EventDate "2011.??.??"]
[TimeControl "40/6000+30:20/3000+30:900+30"]

1. Nf3 Nf6 2. c4 g6 3. Nc3 Bg7 4. e4 d6 5. d4 O-O 6. Be2 e5 7. O-O Nbd7 8. Be3
Re8 9. d5 Nh5 10. g3 Bf8 11. Ne1 Ng7 12. f3 f5 13. Ng2 c5 14. g4 Be7 15. Qd2 f4
16. Bf2 h5 17. h3 g5 18. Ne1 Kf7 19. Kg2 Rh8 20. Nd3 Ne8 21. a3 Nc7 22. b4 b6
23. Rh1 Ba6 24. Qa2 Rh6 25. a4 Qh8 26. Nb5 Ne8 27. a5 Qh7 28. axb6 axb6 29. Qb1
Bd8 30. Nc3 Nc7 31. b5 Bb7 32. Rxa8 Nxa8 33. Qa1 Ke8 34. Be1 h4 35. Qa7 Nf8 36.
Bd2 Qc7 37. Ra1 Rh7 38. Bc1 Qc8 39. Qa3 Ng6 40. Bb2 Re7 41. Qa2 Kf8 42. Qb1 Ke8
43. Ra7 Qb8 44. Qa1 Kf8 45. Bd1 Kf7 46. Bb3 Kf8 47. Bc2 Ke8 48. Nb1 Kf8 49. Nd2
Ke8 50. Nb3 Kf8 51. Bc3 Ke8 52. Be1 Kf7 53. Bf2 Rc7 54. Bd1 Be7 55. Be2 Kf8 56.
Be1 Bd8 57. Bc3 Re7 58. Kf1 Kf7 59. Kg1 Ke8 60. Kh1 1/2-1/2

[Event "Hastings Masters"]
[Site "Hastings/UK"]
[Date "2011.01.05"]
[Round "9.12"]
[White "Ashton, Adam"]
[Black "Furman, Boris"]
[Result "1/2-1/2"]
[ECO "B31"]
[WhiteElo "2328"]
[BlackElo "2237"]
[PlyCount "53"]
[EventDate "2011.??.??"]
[TimeControl "40/6000+30:20/3000+30:900+30"]

1. e4 c5 2. Nf3 Nc6 3. Bb5 g6 4. O-O Bg7 5. c3 Nf6 6. Re1 O-O 7. e5 Nd5 8. d4
cxd4 9. cxd4 d6 10. Nc3 Nxc3 11. bxc3 Qa5 12. Bxc6 bxc6 13. Bg5 Qc7 14. exd6
exd6 15. Re7 Bd7 16. Qe2 Rfe8 17. Re1 Bf8 18. Re3 Rxe3 19. Bxe3 Bg4 20. h3 Bxf3
21. Qxf3 d5 22. Bf4 Qd7 23. Be5 Bg7 24. Bxg7 Kxg7 25. Qf4 Re8 26. Re3 Rxe3 27.
Qxe3 1/2-1/2

[Event "Hastings Masters"]
[Site "Hastings/UK"]
[Date "2011.01.05"]
[Round "9.13"]
[White "Rendle, Thomas"]
[Black "Kwiatkowski, Feliks J"]
[Result "1-0"]
[ECO "B31"]
[WhiteElo "2391"]
[BlackElo "2246"]
[PlyCount "69"]
[EventDate "2011.??.??"]
[TimeControl "40/6000+30:20/3000+30:900+30"]

1. e4 c5 2. Nf3 Nc6 3. Bb5 Nf6 4. e5 Nd5 5. O-O g6 6. c3 Bg7 7. d4 cxd4 8. cxd4
O-O 9. Nc3 Nc7 10. Bf4 Nxb5 11. Nxb5 a6 12. Nc3 d6 13. exd6 exd6 14. h3 Re8 15.
Qd2 d5 16. Rfe1 Be6 17. Na4 Rc8 18. b4 b6 19. a3 Na7 20. Bh6 Bh8 21. Qf4 Bd7
22. Rxe8+ Bxe8 23. Ne5 f6 24. Nb2 Qc7 25. Qf3 Qd6 26. Ng4 Nc6 27. Bf4 Qe6 28.
Qd3 b5 29. Qd2 Qe4 30. Re1 Qxd4 31. Nh6+ Kf8 32. Bd6+ Kg7 33. Re7+ Nxe7 34.
Qxd4 Nc6 35. Qd2 1-0

[Event "Hastings Masters"]
[Site "Hastings/UK"]
[Date "2011.01.05"]
[Round "9.14"]
[White "Eggleston, David"]
[Black "Sergienko, Vladislav"]
[Result "1/2-1/2"]
[ECO "B74"]
[WhiteElo "2309"]
[BlackElo "2133"]
[PlyCount "48"]
[EventDate "2011.??.??"]
[TimeControl "40/6000+30:20/3000+30:900+30"]

1. e4 c5 2. Nc3 Nc6 3. Nge2 g6 4. d4 cxd4 5. Nxd4 Bg7 6. Be3 Nf6 7. Nb3 d6 8.
Be2 O-O 9. O-O Be6 10. f4 Rc8 11. f5 Bd7 12. g4 Na5 13. Nd2 b6 14. g5 Ne8 15.
Nd5 e6 16. f6 exd5 17. fxg7 Nxg7 18. exd5 Bf5 19. c3 Re8 20. Bf4 Nb7 21. h4 Nc5
22. Bb5 Bd7 23. Bxd7 Qxd7 24. Qf3 Nf5 1/2-1/2

[Event "Hastings Masters"]
[Site "Hastings/UK"]
[Date "2011.01.05"]
[Round "9.15"]
[White "Hanssen, Gunnar Berg"]
[Black "Druckenthaner, Andreas"]
[Result "1/2-1/2"]
[ECO "A96"]
[WhiteElo "2191"]
[BlackElo "2301"]
[PlyCount "65"]
[EventDate "2011.??.??"]
[TimeControl "40/6000+30:20/3000+30:900+30"]

1. Nf3 f5 2. d4 Nf6 3. g3 e6 4. Bg2 Be7 5. O-O O-O 6. c4 d6 7. Nc3 Ne4 8. Nxe4
fxe4 9. Nd2 d5 10. f3 Bf6 11. e3 exf3 12. Nxf3 Nc6 13. b3 Qe7 14. Bb2 Bd7 15.
Qe2 Be8 16. Ne5 Rd8 17. a4 Bxe5 18. Rxf8+ Qxf8 19. cxd5 Bxd4 20. exd4 exd5 21.
Ba3 Qf6 22. Rf1 Qxd4+ 23. Kh1 Bf7 24. Qb5 Qb6 25. Bxd5 Rxd5 26. Rxf7 Rd1+ 27.
Kg2 Qg1+ 28. Kh3 Kxf7 29. Qf5+ Ke8 30. Qf8+ Kd7 31. Qf5+ Kd8 32. Qf8+ Kd7 33.
Qf5+ 1/2-1/2

[Event "Hastings Masters"]
[Site "Hastings/UK"]
[Date "2011.01.05"]
[Round "9.16"]
[White "Salov, Sergey"]
[Black "Marusenko, Petr"]
[Result "1/2-1/2"]
[ECO "B19"]
[WhiteElo "2294"]
[BlackElo "2206"]
[PlyCount "28"]
[EventDate "2011.??.??"]
[TimeControl "40/6000+30:20/3000+30:900+30"]

1. e4 c6 2. d4 d5 3. Nc3 dxe4 4. Nxe4 Bf5 5. Ng3 Bg6 6. h4 h6 7. Nf3 Nd7 8. h5
Bh7 9. Bd3 Bxd3 10. Qxd3 e6 11. Bd2 Ngf6 12. O-O-O Be7 13. Ne4 O-O 14. Nxf6+
Nxf6 1/2-1/2

[Event "Hastings Masters"]
[Site "Hastings/UK"]
[Date "2011.01.05"]
[Round "9.17"]
[White "Eames, Robert"]
[Black "Rolvag, Mikael"]
[Result "1-0"]
[ECO "B35"]
[WhiteElo "2287"]
[BlackElo "2179"]
[PlyCount "43"]
[EventDate "2011.??.??"]
[TimeControl "40/6000+30:20/3000+30:900+30"]

1. e4 c5 2. Nf3 Nc6 3. d4 cxd4 4. Nxd4 g6 5. Nc3 Bg7 6. Be3 Nf6 7. Bc4 O-O 8.
Bb3 a5 9. O-O Nxd4 10. Bxd4 d6 11. Qe2 Bd7 12. Rad1 Bc6 13. Nd5 Nd7 14. Bxg7
Kxg7 15. Qe3 b5 16. Qc3+ Ne5 17. f4 Bxd5 18. Bxd5 Rc8 19. Qd4 e6 20. Bb3 a4 21.
fxe5 axb3 22. cxb3 1-0

[Event "Hastings Masters"]
[Site "Hastings/UK"]
[Date "2011.01.05"]
[Round "9.18"]
[White "Atako, Chino"]
[Black "Kulkarni, Chinmay"]
[Result "1/2-1/2"]
[ECO "B48"]
[WhiteElo "2041"]
[BlackElo "2275"]
[PlyCount "50"]
[EventDate "2011.??.??"]
[TimeControl "40/6000+30:20/3000+30:900+30"]

1. e4 c5 2. Nf3 e6 3. d4 cxd4 4. Nxd4 Nc6 5. Nc3 Qc7 6. Be3 a6 7. Qd2 Nf6 8.
O-O-O Bb4 9. f3 h5 10. a3 Be7 11. Bf4 e5 12. Nxc6 bxc6 13. Be3 Bb7 14. Na4 d5
15. Bb6 Qc8 16. Bc5 Qc7 17. Bd3 d4 18. Qg5 O-O 19. g4 hxg4 20. Bxe7 Qxe7 21. h3
Nd5 22. Qxe7 Nxe7 23. hxg4 Ng6 24. Rh5 Rfe8 25. Rdh1 Kf8 1/2-1/2

[Event "Hastings Masters"]
[Site "Hastings/UK"]
[Date "2011.01.05"]
[Round "9.19"]
[White "Kaufeld, Juergen"]
[Black "Jackson, James P"]
[Result "1/2-1/2"]
[ECO "E04"]
[WhiteElo "2270"]
[BlackElo "2135"]
[PlyCount "50"]
[EventDate "2011.??.??"]
[TimeControl "40/6000+30:20/3000+30:900+30"]

1. d4 Nf6 2. c4 Nc6 3. Nf3 e6 4. g3 d5 5. Bg2 dxc4 6. Qa4 Bb4+ 7. Bd2 Nd5 8.
Bxb4 Ndxb4 9. O-O a6 10. Ne5 O-O 11. Nxc6 Nxc6 12. Bxc6 bxc6 13. Qxc4 Rb8 14.
Nc3 Qd6 15. b3 Rb4 16. Ne4 Qxd4 17. Qxd4 Rxd4 18. Nc5 Rfd8 19. Nd3 f6 20. Rac1
R8d6 21. Nb2 e5 22. Nc4 R6d5 23. Ne3 Rd6 24. Nc4 R6d5 25. Ne3 Rd6 1/2-1/2

[Event "Hastings Masters"]
[Site "Hastings/UK"]
[Date "2011.01.05"]
[Round "9.21"]
[White "Prosviriakov, Vladimir"]
[Black "Cafferty, Bernard"]
[Result "1-0"]
[ECO "D03"]
[WhiteElo "2269"]
[BlackElo "2137"]
[PlyCount "85"]
[EventDate "2011.??.??"]
[TimeControl "40/6000+30:20/3000+30:900+30"]

1. Nf3 Nf6 2. d4 e6 3. Bg5 Be7 4. Nbd2 d5 5. e3 Nbd7 6. Bd3 c5 7. c3 h6 8. Bh4
O-O 9. Ne5 Nxe5 10. dxe5 Nd7 11. Bg3 c4 12. Bc2 b5 13. Nf3 b4 14. Nd4 Qb6 15.
O-O f5 16. Qh5 Rf7 17. Bxf5 exf5 18. e6 Rf8 19. exd7 Bxd7 20. Qf3 Be6 21. Rfd1
Bf6 22. Bc7 Qa6 23. cxb4 Bxd4 24. Rxd4 Qb7 25. Bd6 Rfd8 26. Bc5 Rac8 27. Rxc4
Qb5 28. Rd4 a5 29. a3 Rd7 30. h3 a4 31. Rad1 Rf7 32. Qf4 Rf6 33. R4d2 Re8 34.
Bd4 Rf7 35. Rc1 Bd7 36. Rc5 Qb7 37. Rc7 Qb5 38. Rdc2 Re4 39. Qd6 Re6 40. Qc5 f4
41. Qxb5 Bxb5 42. Rxf7 Kxf7 43. Rc7+ 1-0